 Dungeon Crawl Stone Soup version 0.30-a0-1016-gfb0d676c02 (webtiles) character file.

Game seed: 14292038828013675698

391499 Strat the Conqueror (level 21, -4/202 (224) HPs)
             Began as a Minotaur Artificer on Apr 6, 2023.
             Was the Champion of Ru.
             Slain by a cyan very ugly thing (8 damage)
             ... on level 4 of the Abyss on Apr 10, 2023.
             The game lasted 01:51:51 (51728 turns).

Strat the Conqueror (Minotaur Artificer)           Turns: 51728, Time: 01:51:52

HP:   -4/202 (224)  AC: 41    Str: 28    XL:     21   Next: 76%
MP:   20/20         EV: 12    Int:  8    God:    Ru [******]
Gold: 2048          SH:  5    Dex: 11    Spells: 20/20 levels left

rFire   + . .      SeeInvis .    b - +8 eveningstar "Zausian" {freeze, rPois}
rCold   + . .      Faith    .    (shield unavailable)
rNeg    + . .      Spirit   .    t - +6 plate armour {rF+}
rPois   +          Reflect  +    T - -2 hat of the Alchemist {rElec rPois rF+ rC+ rN+ Will+ rMut rCorr}
rElec   +          Rampage  .    P - +2 cloak {rCorr}
rCorr   +                        E - +3 pair of gauntlets of War {Slay+5}
rMut    +                        B - +2 pair of boots
Will    +....                    u - amulet of reflection Stlth
                                 (ring unavailable)
HPRegen 0.53/turn                N - ring "Zal Gepp" {rC+ AC+4}
MPRegen 0.17/turn

@: marked, drained
A: horns 2, missing a hand, weak-willed 1, disrupted magic 1, temperature
sensitive, retaliatory headbutt
}: 3/15 runes: decaying, silver, gossamer
a: Renounce Religion, Draw Out Power, Power Leap, Apocalypse


You were on level 4 of the Abyss.
You worshipped Ru.
Ru was exalted by your worship.
You visited 6 branches of the dungeon, and saw 35 of its levels.
You visited the Abyss 3 times.
You also visited: Volcano.

You collected 5214 gold pieces.
You spent 3166 gold pieces at shops.

Inventory:

Hand Weapons
 a - a +6 vampiric demon whip
 b - the +8 eveningstar "Zausian" (weapon) {freeze, rPois}
   (You took it off a tengu reaver on level 5 of the Vaults)

   rPois:     It protects you from poison.
 A - the +7 demon whip of the Sneaky Deaths {elec, Str+5}
   (You found it on level 5 of the Vaults)

   Str:       It affects your strength (+5).
Missiles
 G - a curare-tipped dart
 J - 4 throwing nets
 M - 7 javelins
Armour
 t - a +6 plate armour of fire resistance (worn)
 B - a +2 pair of boots (worn)
 E - the +3 pair of gauntlets of War (worn) {Slay+5}
   (You bought it in a shop on level 2 of the Orcish Mines)

   Slay:      It affects your accuracy & damage with ranged weapons and melee
   (+5).
 P - a +2 cloak of preservation (worn)
 T - the -2 hat of the Alchemist (worn) {rElec rPois rF+ rC+ rN+ Will+ rMut rCorr}
   (You bought it in a shop on level 10 of the Dungeon)

   rF:        It protects you from fire.
   rC:        It protects you from cold.
   rElec:     It insulates you from electricity.
   rPois:     It protects you from poison.
   rN:        It protects you from negative energy.
   rCorr:     It protects you from acid and corrosion.
   rMut:      It protects you from mutation.
   Will:      It increases your willpower.
Jewellery
 i - the ring of Keze Neinna {Wiz Str+4}
   (You took it off a tengu reaver on level 5 of the Vaults)

   [ring of wizardry]

   It improves your spell success rate.
   Str:       It affects your strength (+4).
 l - an amulet of regeneration
 u - an amulet of reflection (around neck)
 N - the ring "Zal Gepp" (right hand) {rC+ AC+4}
   (You acquired it on level 5 of the Lair of Beasts)

   [ring of protection]

   AC:        It affects your AC (+4).
   rC:        It protects you from cold.
 U - the ring of Reimbursement {Str+5 SInv}
   (You took it off a centaur warrior on level 13 of the Dungeon)

   [ring of see invisible]

   Str:       It affects your strength (+5).
   SInv:      It lets you see invisible.
Wands
 c - a wand of flame (52) (quivered)
 d - a wand of charming (49)
 e - a wand of light (13)
 f - a wand of digging (18)
 v - a wand of mindburst (13)
 C - a wand of roots (36)
 H - a wand of polymorph (29)
Scrolls
 j - 2 scrolls of blinking
 n - 5 scrolls of amnesia
 x - 14 scrolls of teleportation
 y - 3 scrolls of summoning
 D - 11 scrolls of fog
 K - 4 scrolls of fear
 L - 3 scrolls of poison
 V - 3 scrolls of torment
 Y - 2 scrolls of silence
 Z - 2 scrolls of magic mapping
Potions
 h - 5 potions of lignification
 k - 3 potions of mutation
 q - 8 potions of might
 r - 6 potions of flight
 F - 5 potions of magic
 I - 16 potions of ambrosia
 O - a potion of resistance
 Q - 4 potions of invisibility
 R - 8 potions of curing
 W - 2 potions of berserk rage
 X - 3 potions of cancellation
Miscellaneous
 S - a condenser vane


   Skills:
 O Level 27 Fighting
 - Level 14.0 Maces & Flails
 - Level 10.0 Throwing
 + Level 23.6 Armour
 - Level 10.0 Dodging
 - Level 0.7 Stealth
 + Level 18.7 Evocations


You had 20 spell levels left.
You didn't know any spells.
Your spell library contained the following spells:

 Spells                   Type           Power      Damage    Failure   Level
 Foxfire                  Conj/Fire      0%         2x1d4     88%         1
 Kiss of Death            Conj/Necr      0%         2d5       88%         1
 Sandblast                Erth           0%         2d4       88%         1
 Shock                    Conj/Air       0%         1d3       88%         1
 Slow                     Hex            0%         N/A       88%         1
 Blink                    Tloc           0%         N/A       96%         2
 Cigotuvi's Dreadful Rot  Necr/Pois/Air  0%         N/A       96%         2
 Passwall                 Tmut/Erth      0%         N/A       96%         2
 Scorch                   Fire           0%         2d5       96%         2
 Confusing Touch          Hex            0%         N/A       99%         3
 Ozocubu's Armour         Ice            0%         N/A       99%         3
 Stone Arrow              Conj/Erth      0%         3d7       99%         3
 Swiftness                Air            0%         N/A       99%         3
 Vampiric Draining        Necr           0%         2d6       99%         3
 Vhi's Electric Charge    Tloc/Air       0%         N/A       99%         3
 Volatile Blastmotes      Fire/Tloc      0%         2d10      99%         3
 Airstrike                Air            0%         2d(0-16)  100%        4
 Anguish                  Hex/Necr       0%         N/A       100%        4
 Dispel Undead            Necr           0%         3d6       100%        4
 Flame Wave               Conj/Fire      0%         2d4       100%        4
 Fulminant Prism          Conj/Hex       0%         3d5       100%        4
 Iskenderun's Mystic Bla  Conj/Tloc      0%         2d3       100%        4
 Manifold Assault         Tloc           0%         N/A       100%        4
 Olgreb's Toxic Radiance  Pois           0%         N/A       100%        4
 Passage of Golubria      Tloc           0%         N/A       100%        4
 Arcjolt                  Conj/Air       0%         1d10      100%        5
 Blade Hands              Tmut           0%         N/A       100%        5
 Fireball                 Conj/Fire      0%         3d3       100%        5
 Irradiate                Conj/Tmut      0%         3d11      100%        5
 Lee's Rapid Deconstruct  Erth           0%         3d4*      100%        5
 Metabolic Englaciation   Hex/Ice        0%         N/A       100%        5
 Silence                  Hex/Air        0%         N/A       100%        5
 Death Channel            Necr           0%         N/A       100%        6
 Dispersal                Tloc           0%         N/A       100%        6
 Plasma Beam              Fire/Air       0%         2x1d11    100%        6
 Simulacrum               Ice/Necr       0%         N/A       100%        6
 Starburst                Conj/Fire      0%         6d3       100%        6
 Summon Cactus Giant      Summ           0%         N/A       100%        6
 Dragon Form              Tmut           0%         N/A       100%        7
 Enfeeble                 Hex            0%         N/A       100%        7
 Storm Form               Tmut/Air       0%         N/A       100%        7
 Discord                  Hex            0%         N/A       100%        8
 Disjunction              Tloc           0%         N/A       100%        8
 Ignition                 Fire           0%         3d3       100%        8
 Lehudib's Crystal Spear  Conj/Erth      0%         10d2      100%        8


Dungeon Overview and Level Annotations

Branches:
Dungeon (15/15)            Temple (0/1) D:5            Lair (5/5) D:10
  Swamp (4/4) Lair:2       Spider (4/4) Lair:2        Slime (0/5) Lair:4
    Orc (2/2) D:9             Elf (0/3) Orc:2        Vaults (5/5) D:13
  Crypt (0/3) Vaults:2     Depths (0/4) D:15        Volcano (visited)

Altars:
Cheibriados
Fedhas
Hepliaklqana
Kikubaaqudgha
Qazlal
Ru
Vehumet
Wu Jian
Yredelemnul
Jiyva

Shops:
D:5 [:(   D:10 [[((   Orc:2 *[*:   Vaults:2 (   Vaults:4 [==

Portals:
Pandemonium: Orc:2

Annotations:
D:9 Erolcha
Lair:4 exclusion: oklob plant
Lair:5 2 runed translucent doors, exclusions: obsidian statue and oklob plant, Jolias's ghost, journeyman MiFi
Swamp:3 Roxanne
Vaults:4 36 runed doors


Innate Abilities, Weirdness & Mutations

You have a pair of horns on your head.
You are missing a hand.
You are slightly weak-willed. (Will-)
Your casting is slightly disrupted.
You are sensitive to extremes of temperature. (rF-, rC-)
You reflexively headbutt those who attack you in melee.


Message History

The starcursed mass closely misses you.
You impale the starcursed mass!! You freeze the starcursed mass.
You destroy the starcursed mass!
A cyan ugly thing comes into view.
The wretched star glows turbulently.
The lance of force hits you!!
* * * LOW HITPOINT WARNING * * *
You are knocked back by the lance of force.
You slam into the metal wall!
You feel better.
A cyan very ugly thing comes into view.
A starcursed mass comes into view.
You feel better. The cyan very ugly thing misses you. You furiously retaliate!
You headbutt the cyan very ugly thing.
You redirect the wretched star's attack!
The starcursed mass shrieks in your mind.
* * * LOW HITPOINT WARNING * * *
You feel better.
A thrashing horror comes into view. x2
A starcursed mass splits.
You enter the shallow water.
Moving in this stuff is going to be slow.
A thrashing horror comes into view.
The thrashing horror tramples you but does no damage. x2
You redirect the cyan very ugly thing's attack!
The cyan very ugly thing claws itself!!
The cyan very ugly thing attacks as you move away!
The cyan very ugly thing claws you!
* * * LOW HITPOINT WARNING * * *
The cyan very ugly thing shocks you! You resist.
* * * LOW HITPOINT WARNING * * *
The thrashing horror begins to attack, but is stunned by your conviction!
A thrashing horror comes into view.
The thrashing horror begins to attack, but is stunned by your conviction!
The thrashing horror tramples you but does no damage. x2
A cyan very ugly thing comes into view.
The thrashing horror begins to attack, but is stunned by your conviction!
The cyan very ugly thing claws you!
* * * LOW HITPOINT WARNING * * *
The cyan very ugly thing shocks you! You resist.
You die...

#~ . #. ..#.~~.#
. ##.. ...~~~...
## .. # ♣ ~
~≈..X.# . .# ..
~~~u~♣..#.##.#.#
#.. ..
~~~.#..#.....
#..#~X~.#X.#.#
.. #~~~.@.#
#.###*u#....#
#.#uuu.#~♣#.##
## ##X#.#.~≈ #
#........#..~~
##.#......#X#~~~
.##...##...#. ≈~
#.###. .##X## .
#.. ##.# ##


You could see 3 very ugly things, a wretched star, a cyan ugly thing and 4
thrashing horrors.

Vanquished Creatures
  Mara (Swamp:4)
  Bai Suzhen (Swamp:4)
  Frederick (Vaults:3)
  Xtahua (Vaults:3)
  A golden dragon (Vaults:4)
  A bone dragon (Swamp:4)
  Arachne (Spider:4)
  5 tentacled monstrosities
  Asterion (Spider:4)
  A quicksilver dragon (Vaults:5)
  2 titans (Vaults:5)
  6 sphinxes
  5 tentacled starspawn
  A thorn hunter (Swamp:3)
  8 shadow dragons
  Kirke (Swamp:3)
  3 tengu reavers (Vaults:5)
  Donald (Vaults:3)
  A storm dragon (Vaults:5)
  A deep elf sorcerer (Vaults:5)
  3 frost giants
  2 fire giants (Vaults:5)
  7 emperor scorpions
  An iron dragon (D:13)
  Aizul (Vaults:1)
  7 ghost moths
  13 vault wardens
  Louise (Swamp:3)
  An orc warlord (Vaults:3)
  22 ironbound preservers
  A war gargoyle (Vaults:4)
  22 very ugly things
  5 stone giants
  2 ghouls (Swamp:4)
  3 broodmothers
  7 ironbound thunderhulks
  A deep elf demonologist (Vaults:5)
  4 eleionomae
  5 dire elephants
  A spark wasp (Spider:4)
  A deep elf annihilator (Vaults:5)
  3 bunyips
  6 ettins
  6 entropy weavers
  16 yaktaur captains
  2 rakshasas
  4 great orbs of eyes
  31 vault guards
  A shambling mangrove (Swamp:3)
  2 demonspawn (Orc:2)
  4 ogre magi
  10 hydras
  A peacekeeper (Vaults:4)
  5 radroaches
  10 ironbound frosthearts
  A jorogumo (Spider:3)
  6 ghost crabs
  An anaconda (Swamp:4)
  9 two-headed ogres
  2 catoblepae (D:13)
  Erica (D:9)
  20 centaur warriors
  3 alligators
  2 deep troll earth magi (Vaults:5)
  6 death yaks (Lair:5)
  14 boulder beetles
  5 tengu warriors (D:15)
  4 thrashing horrors (Abyss:4)
  6 orc high priests (Orc:2)
  A shock serpent (shapeshifter) (Vaults:1)
  A spectral dire elephant (Lair:5)
  13 hell knights
  Amaemon (Lair:2)
  2 skysharks (Lair:3)
  A sun moth (Spider:3)
  2 wretched stars (Abyss:4)
  A spectral death yak (Lair:5)
  A shadow wraith (D:13)
  3 skeletal warriors (D:12)
  3 goliath frogs
  A salamander mystic (Volcano)
  A death drake (shapeshifter) (Vaults:1)
  40 deep trolls
  A glowing orange brain (shapeshifter) (Vaults:5)
  A spectral anaconda (Lair:5)
  3 spriggan druids
  7 pharaoh ants
  4 bog bodies (Swamp:4)
  9 orb spiders
  6 spectral hydras (Swamp:4)
  A phantasmal warrior (Vaults:5)
  3 swamp dragons
  19 ironbound convokers
  13 lindwurms
  7 wizards
  3 steelbarb worms
  8 necromancers
  30 ugly things
  7 orc knights
  4 harpies (Vaults:2)
  2 deep elf pyromancers
  An oklob plant (Swamp:4)
  24 wolf spiders
  7 orc sorcerers
  A manticore (D:13)
  2 large abominations (Abyss:4)
  2 will-o-the-wisps
  A worldbinder (Abyss:4)
  9 cyclopes
  4 moths of wrath
  3 salamanders (Volcano)
  20 elephants
  An apocalypse crab (Abyss:4)
  10 cane toads
  10 black mambas
  2 smoke demons (Abyss:4)
  5 molten gargoyles (Volcano)
  A dire elephant zombie (Lair:5)
  16 vault sentinels
  A stone giant skeleton (Abyss:3)
  7 gargoyles
  9 demonic crawlers
  An orange demon (Lair:2)
  5 torpor snails
  A cane toad (shapeshifter) (D:13)
  2 dire elephant skeletons (Lair:5)
  A rime drake (shapeshifter) (D:15)
  A freezing wraith (Vaults:5)
  6 komodo dragons
  4 tengu conjurers (D:15)
  A kobold demonologist (D:13)
  30 yaktaurs
  2 rime drakes
  An ancient zyme (Abyss:4)
  2 efreet (D:13)
  3 swamp worm zombies (Swamp:4)
  12 meliai
  3 hellwings (Orc:2)
  A queen bee (Spider:3)
  6 polar bears
  5 hydra zombies (Swamp:4)
  12 trolls
  A bloated husk (Swamp:4)
  A tarantella (shapeshifter) (D:13)
  19 hornets
  12 blink frogs
  35 tarantellas
  9 tyrant leeches
  14 raiju
  Grinder (D:6)
  A spectral swamp dragon (Swamp:4)
  4 alligator zombies (Swamp:4)
  6 dream sheep
  19 culicivoras
  29 slime creatures
  4 flying skulls (Abyss:4)
  24 jumping spiders
  4 shadows
  3 wraiths
  2 vampires
  5 wyverns
  A water elemental (D:13)
  21 yaks
  15 spriggans
  A chaos spawn (Orc:2)
  Menkaure (D:5)
  3 hogs (Swamp:3)
  A steam dragon (D:9)
  3 basilisks
  11 vampire mosquitoes
  A harpy simulacrum (D:15)
  57 redbacks
  15 swamp worms
  A warg (Orc:2)
  4 acid dragons
  14 water moccasins
  2 sky beasts
  A floating eye (shapeshifter) (Vaults:4)
  2 swamp drakes
  31 orc warriors
  9 ice beasts
  4 black bears
  2 elephant zombies (Lair:5)
  2 swamp dragon zombies (Swamp:4)
  A black bear (shapeshifter) (Vaults:5)
  17 ogres
  A wolf (D:10)
  3 small abominations
  10 centaurs
  5 phantoms
  3 kobold brigands
  Blork the orc (D:6)
  2 necrophages (Swamp:4)
  14 bullfrogs
  2 gnoll sergeants
  A cane toad simulacrum (Lair:5)
  5 scorpions
  2 elephant simulacra (Lair:5)
  A troll zombie (D:9)
  19 killer bees
  3 howler monkeys
  2 electric eels
  3 jellies
  A quasit (Abyss:1)
  2 gnoll boudas (D:5)
  25 orc priests
  An iron imp (Abyss:1)
  2 sleepcaps (D:6)
  3 starcursed masses (Abyss:4)
  3 iguanas
  16 orc wizards
  4 hell rats (Lair:3)
  6 ogre zombies (D:9)
  22 gnolls
  7 adders
  A shadow imp (D:6)
  2 white imps
  2 ufetubi
  3 dart slugs
  A worm (D:5)
  72 orcs
  10 ball pythons
  8 endoplasms
  4 giant cockroaches (D:1)
  8 goblins
  13 hobgoblins
  8 jackals
  60 kobolds
  6 quokkas
  6 bats
  2 frilled lizards
  A goblin skeleton (D:9)
  4 goblin zombies (D:9)
  5 hobgoblin zombies (D:9)
  An orc skeleton (D:9)
  14 orc zombies (D:9)
  11 rats
  3 starspawn tentacles (Abyss:1)
1595 creatures vanquished.

Vanquished Creatures (collateral kills)
  A swamp dragon (Swamp:1)
  A tyrant leech (Swamp:1)
  A vampire mosquito (D:10)
  A wolf (D:10)
  A kobold (D:5)
5 creatures vanquished.

Vanquished Creatures (others)
  Nikola (Spider:4)
  A frost giant (Vaults:5)
  An ettin (Vaults:5)
  A ghost crab (Swamp:4)
  A hydra (Swamp:2)
  An alligator (Lair:2)
  2 hell knights
  A skeletal warrior (D:12)
  3 deep trolls
  A wolf spider (Spider:3)
  An ugly thing (Vaults:3)
  2 vault sentinels
  A swamp worm zombie (Swamp:4)
  2 yaktaurs (Vaults:2)
  5 bloated husks (Swamp:4)
  A tarantella (Spider:4)
  A yak (Lair:2)
  2 redbacks
  A phantom (Swamp:4)
  A killer bee (Spider:3)
  An ogre zombie (D:9)
  A swamp drake zombie (Swamp:4)
  An orc (D:6)
  A kobold (D:11)
  8 foxfires (Swamp:1)
  26 fungi
  A lurking horror (Abyss:4)
  56 plants
  9 starspawn tentacles
  26 withered plants (Lair:5)
160 creatures vanquished.

Grand Total: 1760 creatures vanquished

Notes
Turn   | Place    | Note
-------+----------+-------------------------------------------
     0 | D:1      | Strat the Minotaur Artificer began the quest for the Orb.
     0 | D:1      | Reached XP level 1. HP: 16/16 MP: 0/0
    17 | D:1      | Reached skill level 1 in Maces & Flails
   206 | D:1      | Reached XP level 2. HP: 11/23 MP: 1/1
   489 | D:1      | Reached XP level 3. HP: 18/28 MP: 2/2
  1140 | D:2      | Found a sacrificial altar of Ru.
  1179 | D:2      | Became a worshipper of Ru the Awakened
  1558 | D:2      | Found a faded altar of an unknown god.
  1608 | D:2      | Noticed a scorpion
  1618 | D:2      | Killed a scorpion
  1619 | D:2      | Reached skill level 5 in Maces & Flails
  1619 | D:2      | Reached XP level 4. HP: 24/35 MP: 3/3
  1798 | D:2      | Reached XP level 5. HP: 40/40 MP: 4/4
  2140 | D:3      | Gained mutation: You are missing a hand. [Ru sacrifice]
  2140 | D:3      | Reached * piety under Ru
  2140 | D:3      | Reached ** piety under Ru
  2624 | D:4      | Noticed a phantom
  2714 | D:4      | Killed a phantom
  2715 | D:4      | Reached XP level 6. HP: 47/47 MP: 5/5
  3130 | D:5      | Entered Level 5 of the Dungeon
  3151 | D:5      | Found Ojanlomiwe's Weapon Shop.
  3187 | D:5      | Reached skill level 2 in Fighting
  3445 | D:5      | Found a snail-covered altar of Cheibriados.
  3637 | D:5      | Reached skill level 3 in Fighting
  3637 | D:5      | Reached XP level 7. HP: 49/57 MP: 6/6
  3763 | D:5      | Noticed Menkaure
  3779 | D:5      | Killed Menkaure
  3876 | D:5      | Identified the +10 spear of the Pharaoh's Fist {protect,
                  | Will- Str+2 Dex+4}
  3887 | D:5      | Reached skill level 4 in Fighting
  4041 | D:5      | Found a staircase to the Ecumenical Temple.
  4042 | D:5      | Gained mutation: You are sensitive to extremes of
                  | temperature. (rF-, rC-) [Ru sacrifice]
  4042 | D:5      | Reached *** piety under Ru
  4042 | D:5      | Reached **** piety under Ru
  4042 | D:5      | Reached ***** piety under Ru
  4062 | D:5      | Found an ornate altar of the Wu Jian Council.
  4267 | D:5      | You fall into a shaft and drop 3 floors!
  4387 | D:8      | Found a radiant altar of Vehumet.
  4431 | D:8      | Reached skill level 5 in Armour
  4434 | D:8      | Reached XP level 8. HP: 65/67 MP: 7/7
  4465 | D:8      | Reached skill level 5 in Fighting
  4524 | D:8      | Reached skill level 10 in Maces & Flails
  4967 | D:6      | Noticed Grinder
  5044 | D:6      | Noticed Blork the orc
  5053 | D:6      | Killed Blork the orc
  5214 | D:5      | Found Oshrioss's Armour Shop.
  5257 | D:5      | Found Wunan's Book Shop.
  5469 | D:5      | Reached XP level 9. HP: 74/74 MP: 8/8
  5893 | D:6      | Reached skill level 6 in Fighting
  5899 | D:6      | Found a blossoming altar of Fedhas.
  6015 | D:6      | Paralysed by Grinder for 3 turns
  6027 | D:6      | Killed Grinder
  6421 | D:7      | Reached skill level 7 in Fighting
  7317 | D:8      | Reached skill level 5 in Evocations
  7603 | D:9      | Noticed Erica
  7611 | D:9      | Reached XP level 10. HP: 88/88 MP: 9/9
  7640 | D:9      | Noticed a two-headed ogre
  7715 | D:9      | Killed a two-headed ogre
  7716 | D:9      | Reached skill level 8 in Fighting
  7865 | D:9      | Found a hazy altar of Hepliaklqana.
  8048 | D:10     | Entered Level 10 of the Dungeon
  8154 | D:10     | Reached skill level 9 in Fighting
  8295 | D:10     | Found a staircase to the Lair.
  8350 | D:10     | Found Geutic's Weapon Shop.
  8437 | D:10     | Found Wenoz's Antique Weapon Emporium.
  8496 | D:10     | Found Luicig's Antique Armour Shop.
  8504 | D:10     | Bought a transparent cloak for 180 gold pieces
  8504 | D:10     | Identified the +1 cloak of Lusonkaig {MP+9 Str-5 Slay+3}
                  | (You bought it in a shop on level 10 of the Dungeon)
  8529 | D:10     | Found Ufakhusse's Antique Armour Boutique.
  8837 | D:9      | Killed Erica
  8838 | D:9      | Reached XP level 11. HP: 71/99 MP: 10/10
  8957 | D:9      | Reached skill level 10 in Armour
  8965 | D:9      | Reached skill level 10 in Fighting
  9076 | D:9      | Found a staircase to the Orcish Mines.
  9130 | D:9      | Noticed Erolcha
  9131 | Abyss:1  | Cast into level 1 of the Abyss (Erolcha)
  9173 | Abyss:1  | Gained mutation: You are slightly weak-willed. (Will-) [Ru
                  | sacrifice]
  9192 | Abyss:1  | Noticed a purple draconian
  9194 | Abyss:1  | Noticed a tentacled monstrosity
  9594 | Abyss:1  | Noticed a tentacled starspawn
  9616 | Abyss:1  | Killed a tentacled starspawn
  9616 | Abyss:1  | Noticed a thrashing horror
  9648 | Abyss:1  | Noticed a red very ugly thing
  9669 | D:9      | Escaped the Abyss
  9926 | Lair:1   | Entered Level 1 of the Lair of Beasts
 10196 | Lair:1   | Reached skill level 5 in Dodging
 11569 | Lair:2   | Noticed a boulder beetle
 11595 | Lair:2   | Killed a boulder beetle
 11596 | Lair:2   | Reached XP level 12. HP: 70/106 MP: 11/11
 11607 | Lair:2   | Noticed an eight-headed hydra
 11636 | Lair:2   | Killed an eight-headed hydra
 11748 | Lair:2   | Found a staircase to the Swamp.
 11774 | Lair:2   | Noticed Amaemon
 11898 | Lair:2   | Killed Amaemon
 12193 | Lair:2   | Found a hole to the Spider Nest.
 12381 | Lair:2   | Gained mutation: Your casting is slightly disrupted. [Ru
                  | sacrifice]
 12381 | Lair:2   | Reached ****** piety under Ru
 13187 | Lair:3   | Reached skill level 10 in Dodging
 13264 | Lair:3   | Reached skill level 10 in Evocations
 13280 | Lair:3   | Reached skill level 1 in Throwing
 13858 | Lair:3   | Reached skill level 11 in Fighting
 13884 | Lair:3   | Identified the +0 robe of the Salmon {+Blink rF+ Will+
                  | Stlth-}
 14209 | Lair:4   | Reached XP level 13. HP: 102/116 MP: 12/12
 14402 | Lair:4   | Found a viscous altar of Jiyva.
 14413 | Lair:4   | Found a staircase to the Slime Pits.
 14415 | Lair:4   | Reached skill level 5 in Throwing
 14617 | Lair:4   | You fall into a shaft and drop 1 floor!
 14617 | Lair:5   | Entered Level 5 of the Lair of Beasts
 14639 | Lair:5   | Reached skill level 12 in Fighting
 14689 | Lair:5   | Identified a scroll of acquirement
 14689 | Lair:5   | Acquired the ring "Zal Gepp" {rC+ AC+4}
 14878 | Lair:5   | Found a large runed translucent door.
 14878 | Lair:5   | Found a large runed translucent door.
 14889 | Lair:5   | Noticed Jolias's ghost (journeyman MiFi)
 14961 | Lair:5   | Found a stormy altar of Qazlal.
 15088 | Lair:5   | Noticed a dire elephant
 15088 | Lair:5   | Noticed a dire elephant
 15145 | Lair:5   | Reached skill level 13 in Fighting
 15297 | Lair:5   | Found a dark tunnel.
 15305 | Volcano  | Entered a volcano
 15986 | Volcano  | Noticed an orb of fire
 16293 | Volcano  | Noticed an orb of fire
 16709 | Lair:5   | Reached skill level 14 in Fighting
 17148 | Lair:5   | Reached XP level 14. HP: 87/133 MP: 13/13
 17734 | Lair:5   | Reached skill level 15 in Fighting
 18304 | Lair:5   | Identified the +2 helmet of Pitsiet {rC++ MP+9 Slay-2
                  | Stlth+}
 18491 | Lair:2   | Identified the +6 halberd of Riaq {antimagic, Drain rElec
                  | Str+3}
 18573 | Orc:1    | Entered Level 1 of the Orcish Mines
 18583 | Orc:1    | Reached skill level 10 in Throwing
 19094 | Orc:2    | Entered Level 2 of the Orcish Mines
 19157 | Orc:2    | Found a staircase to the Elven Halls.
 19208 | Orc:2    | Paralysed by an orc sorcerer for 5 turns
 20339 | Orc:2    | Found Nozxuhus's General Store.
 20398 | Orc:2    | Found Tept's General Store.
 20520 | Orc:2    | Bought a scroll of blinking for 97 gold pieces
 20817 | Orc:2    | Reached skill level 16 in Fighting
 21401 | Orc:2    | Found Nar Kib's Antique Armour Shop.
 21401 | Orc:2    | Found Bossiep's Book Boutique.
 21401 | Orc:2    | Found a one-way gate leading to the halls of Pandemonium.
 21548 | D:10     | Bought the -2 hat of the Alchemist {rElec rPois rF+ rC+ rN+
                  | Will+ rMut rCorr} for 1132 gold pieces
 21548 | D:10     | Found the -2 hat of the Alchemist {rElec rPois rF+ rC+ rN+
                  | Will+ rMut rCorr}
 23729 | D:12     | Reached skill level 17 in Fighting
 24066 | D:13     | Got the Excursus on the Jaunt
 24222 | D:13     | Reached XP level 15. HP: 147/147 MP: 14/14
 24250 | D:13     | Found a gate to the Vaults.
 24809 | Abyss:3  | Cast into level 3 of the Abyss (a wizard)
 24815 | Abyss:3  | Found an ancient bone altar of Kikubaaqudgha.
 24930 | Abyss:3  | Paralysed by accursed screaming for 1 turns
 24951 | Abyss:4  | Noticed a tentacled starspawn
 24959 | Abyss:4  | Killed a tentacled starspawn
 25056 | Abyss:4  | Reached skill level 18 in Fighting
 25162 | D:13     | Escaped the Abyss
 25863 | D:13     | Reached skill level 19 in Fighting
 26324 | D:13     | Noticed an iron dragon
 26392 | D:13     | Killed an iron dragon
 26393 | D:13     | Identified the ring of Reimbursement {Str+5 SInv}
 26400 | D:13     | Reached skill level 20 in Fighting
 27155 | D:13     | Acquired 1072 gold pieces
 27400 | Orc:2    | Bought the +3 pair of gauntlets of War {Slay+5} for 1757
                  | gold pieces
 27400 | Orc:2    | Found the +3 pair of gauntlets of War {Slay+5}
 28135 | D:14     | Reached XP level 16. HP: 125/165 MP: 15/15
 28612 | D:15     | Entered Level 15 of the Dungeon
 28833 | D:15     | Found a staircase to the Depths.
 28941 | D:15     | Paralysed by an ogre mage for 3 turns
 29816 | D:15     | Reached skill level 21 in Fighting
 30278 | Swamp:1  | Entered Level 1 of the Swamp
 31165 | Swamp:1  | Reached skill level 15 in Armour
 32216 | Swamp:3  | Noticed a thorn hunter
 32295 | Swamp:3  | Noticed Louise
 32306 | Swamp:3  | Noticed Kirke
 32320 | Swamp:3  | Killed Kirke
 32663 | Swamp:3  | Killed a thorn hunter
 33428 | Swamp:3  | Killed Louise
 33491 | Swamp:3  | Identified Roxanne's Omnibus of Erosion
 33491 | Swamp:3  | Noticed Roxanne
 33722 | Swamp:3  | Reached XP level 17. HP: 160/176 MP: 16/16
 33926 | Swamp:4  | Entered Level 4 of the Swamp
 34489 | Swamp:4  | Noticed Bai Suzhen
 34498 | Swamp:4  | Killed Bai Suzhen
 34669 | Swamp:4  | Reached skill level 22 in Fighting
 34681 | Swamp:4  | Noticed Mara
 34691 | Swamp:4  | Killed Mara
 34972 | Swamp:4  | Identified the +9 giant spiked club of Iggueklu {venom,
                  | *Slow rN+ Str+5 Int+2}
 35778 | Swamp:4  | Noticed a bone dragon
 35794 | Swamp:4  | Killed a bone dragon
 35803 | Swamp:4  | Got a decaying rune of Zot
 36151 | Spider:1 | Entered Level 1 of the Spider Nest
 37284 | Spider:1 | You fall into a shaft and drop 1 floor!
 39168 | Spider:3 | Reached XP level 18. HP: 187/187 MP: 17/17
 39192 | Spider:3 | Reached skill level 23 in Fighting
 40768 | Spider:4 | Entered Level 4 of the Spider Nest
 40771 | Spider:4 | Noticed Nikola
 40793 | Spider:4 | Noticed Arachne
 41132 | Spider:4 | Killed Arachne
 41210 | Spider:4 | Killed Nikola
 41552 | Spider:4 | Identified the +2 chain mail of Ruagotri {-Tele Str+2
                  | Int+4}
 41706 | Spider:4 | Noticed Asterion
 41742 | Spider:4 | Killed Asterion
 42505 | Spider:4 | Paralysed by a hornet for 3 turns
 43086 | Spider:4 | Identified the +0 pair of boots "Acuaptemn" {*Slow Fly rC++
                  | Will+}
 43124 | Spider:4 | Got a gossamer rune of Zot
 43374 | Vaults:1 | Entered Level 1 of the Vaults
 43502 | Vaults:1 | Reached skill level 15 in Evocations
 43525 | Vaults:1 | Reached skill level 24 in Fighting
 43886 | Vaults:1 | Reached XP level 19. HP: 198/198 MP: 18/18
 44160 | Vaults:1 | Noticed Aizul
 44188 | Vaults:1 | Killed Aizul
 44539 | Vaults:1 | Identified the +1 robe of Qafeasuoju {Dex+2}
 45035 | Vaults:2 | Found Pual's Antique Weapon Shoppe.
 45154 | Vaults:2 | Found a staircase to the Crypt.
 45154 | Vaults:2 | Found an ancient bone altar of Kikubaaqudgha.
 45154 | Vaults:2 | Found a basalt altar of Yredelemnul.
 46280 | Vaults:3 | Noticed Xtahua
 46491 | Vaults:3 | Paralysed by Xtahua for 4 turns
 46506 | Vaults:3 | Killed Xtahua
 46520 | Vaults:3 | Reached skill level 25 in Fighting
 46682 | Vaults:3 | Noticed Donald
 46694 | Vaults:3 | Killed Donald
 46722 | Vaults:3 | Noticed Frederick
 46734 | Vaults:3 | Killed Frederick
 47090 | Vaults:3 | Reached XP level 20. HP: 162/211 MP: 19/19
 47793 | Vaults:4 | Found Dasoeke's Antique Armour Boutique.
 48124 | Vaults:4 | Found a huge runed gate.
 48124 | Vaults:4 | Found a huge runed gate.
 48124 | Vaults:4 | Found a huge runed gate.
 48402 | Vaults:4 | Found a huge runed gate.
 48402 | Vaults:4 | Found a huge runed gate.
 48402 | Vaults:4 | Found a huge runed gate.
 48402 | Vaults:4 | Found a huge runed gate.
 48402 | Vaults:4 | Found a huge runed gate.
 48403 | Vaults:4 | Found a huge runed gate.
 48403 | Vaults:4 | Found a huge runed gate.
 48403 | Vaults:4 | Found a huge runed gate.
 48404 | Vaults:4 | Found a huge runed gate.
 48405 | Vaults:4 | Found a huge runed gate.
 48406 | Vaults:4 | Found a huge runed gate.
 48407 | Vaults:4 | Found a huge runed gate.
 48408 | Vaults:4 | Found a huge runed gate.
 48417 | Vaults:4 | Found a huge runed gate.
 48417 | Vaults:4 | Found a huge runed gate.
 48417 | Vaults:4 | Found a huge runed gate.
 48417 | Vaults:4 | Found a huge runed gate.
 48417 | Vaults:4 | Found a huge runed gate.
 48417 | Vaults:4 | Found a huge runed gate.
 48418 | Vaults:4 | Found a huge runed gate.
 48419 | Vaults:4 | Found a huge runed gate.
 48420 | Vaults:4 | Found a huge runed gate.
 48428 | Vaults:4 | Found a huge runed gate.
 48428 | Vaults:4 | Found a huge runed gate.
 48428 | Vaults:4 | Found a huge runed gate.
 48428 | Vaults:4 | Found a huge runed gate.
 48428 | Vaults:4 | Found a huge runed gate.
 48428 | Vaults:4 | Found a huge runed gate.
 48429 | Vaults:4 | Found a huge runed gate.
 48449 | Vaults:4 | Found a huge runed gate.
 48450 | Vaults:4 | Found a huge runed gate.
 48458 | Vaults:4 | Found a huge runed gate.
 48458 | Vaults:4 | Found a huge runed gate.
 48736 | Vaults:4 | Found Efimarof's Jewellery Shoppe.
 48881 | Vaults:4 | Found Zusuq's Jewellery Shop.
 49084 | Vaults:5 | Entered Level 5 of the Vaults
 49140 | Vaults:4 | Reached skill level 26 in Fighting
 49517 | Vaults:5 | Noticed a golden dragon
 49548 | Vaults:4 | Killed a golden dragon
 49584 | Vaults:5 | Reached XP level 21. HP: 211/222 MP: 20/20
 50166 | Vaults:5 | Identified the +8 eveningstar "Zausian" {freeze, rPois}
 50166 | Vaults:5 | Identified the ring of Keze Neinna {Wiz Str+4}
 50168 | Vaults:5 | Identified the staff of cold "Waliukewuwk" {Drain rF++ rC+
                  | Will+++}
 50193 | Vaults:5 | Identified the +6 glaive "Zaniziwn" {heavy, rC+ Will+
                  | Dex+2}
 50194 | Vaults:5 | Identified the +7 demon whip of the Sneaky Deaths {elec,
                  | Str+5}
 50199 | Vaults:5 | Identified the +0 scale mail "Vedikemo" {rN+ Will+}
 50391 | Vaults:5 | Identified the +10 flail "Husuv" {freeze, rElec Str+5
                  | Stlth-}
 51148 | Vaults:5 | Identified the +9 hand axe of Jalo {vamp, rN+ rCorr}
 51185 | Vaults:5 | Reached skill level 27 in Fighting
 51425 | Vaults:5 | Got a silver rune of Zot
 51490 | Vaults:5 | Paralysed by an ogre mage for 4 turns
 51589 | Vaults:5 | Identified the +3 leather armour of the Heavens {Fly MP+9
                  | SInv}
 51594 | Vaults:5 | Identified the ring "Tire" {*Slow Str+6 Int+5}
 51615 | Abyss:4  | Cast into level 4 of the Abyss (a deep elf sorcerer)
 51728 | Abyss:4  | HP: 4/202 [cyan very ugly thing (15)]
 51728 | Abyss:4  | Slain by a cyan very ugly thing

Illustrated notes

Levels and vault maps discovered:
D:1:      minmay_arrival_stone_box, layout_basic, minmay_hexomino_p4
D:2:      minmay_razor_zed, layout_basic, dilly_ecumenical_altar_fadedgnrine,
          basic_altar, kennysheep_big_empty_room, serial_bayou_ford_a,
          minmay_statues_item
D:3:      layout_rooms
D:4:      layout_gridville
D:5:      minmay_goblin_kobold_castle, layout_basic, cheibrodos_worm_habitat,
          nzn_wu_jian_council_hall, minmay_temple_entry_hall, serial_shops,
          kennysheep_mini_moat, nicolae_stop_n_shop_2, shop, uniq_menkaure
D:6:      layout_cave_pools, fedhas_altar_3, uniq_grinder, uniq_blork_the_orc
D:7:      layout_loops_ring
D:8:      layout_basic, mainiacjoe_overflow_concentric_impassable
D:9:      layout_roguey, nicolae_hepliaklqana_hippocampus, zombieorc2_lemuel,
          uniq_erolcha, uniq_erica
D:10:     lemuel_flame_loot_2, layout_stronghold, hellmonk_lair_entry_icy,
          serial_shops, nicolae_shop_bloodbath_and_beyond,
          nicolae_stop_n_shop_1, shop, kennysheep_little_box
D:11:     layout_basic
D:12:     layout_grid_maze, minmay_misc_feat_doors, amcnicky_mini_pool_small
D:13:     nzn_winding_woodlands_huge [nzn_winding_woodlands_5x15_zeroes,
          nzn_winding_woodlands_5x15_sawtooth,
          nzn_winding_woodlands_5x15_pathside_ponds,
          nzn_winding_woodlands_5x15_sidewinder, nzn_winding_woodlands_5x15_eye,
          nzn_winding_woodlands_5x15_pockets,
          nzn_winding_woodlands_5x15_lazy_stream,
          nzn_winding_woodlands_5x15_river_crossing,
          nzn_winding_woodlands_5x15_jagged, nzn_winding_woodlands_5x15_default,
          nzn_winding_woodlands_center_triple_pond,
          nzn_winding_woodlands_center_pierced_h,
          nzn_winding_woodlands_15x15_killbox], layout_layer_cave,
          david_vaults_1, the_hattery
D:14:     layout_gridville, minmay_misc_feat_enclosed,
          chequers_serial_rivers_micro_b
D:15:     hangedman_depths_entry_civil_slaughter, layout_grid_maze,
          moated_statue
Lair:1:   layout_long_grid, minmay_holes, st_stairs_10, serial_bayou_lagoon_b
Lair:2:   layout_long_grid, minmay_swamp_entry_worms,
          nicolae_spider_entry_tight_spaces, hangedman_lair_generics_rect,
          serial_bayou_shore_b, uniq_amaemon
Lair:3:   layout_cave_pods, chequers_serial_rivers_marsh
Lair:4:   layout_roguey, slime_entry_1, st_stairs_13, minmay_lair_oklob_items,
          uniq_snorg
Lair:5:   due_jungle_book, layout_gridlike, lightli_volcano_entry_magma_tube,
          ebering_ghost_disaster_area, st_stairs_12, lemuel_oklob_altar,
          infiniplex_staircase_pool_2
Swamp:1:  layout_basic_swamp, nicolae_swamp_bean_lake, swamp_pool1
Swamp:2:  layout_falls_marsh, evilmike_swamp_ruin_house_3
Swamp:3:  layout_basic_swamp, evilmike_swamp_ruin_house_4, swamp_pool1,
          uniq_louise, uniq_kirke, uniq_roxanne
Swamp:4:  swamp_pestilence, layout_basic_swamp, nicolae_swamp_snake_nest,
          uniq_mara, uniq_bai_suzhen
Spider:1: layout_spider_delve
Spider:2: layout_spider_delve, hangedman_spider_tarantella_strand
Spider:3: nicolae_spider_hall_of_the_moth_king, special_room [special_room_bee]
Spider:4: spider_rune_water, uniq_arachne, uniq_asterion, uniq_nikola
Orc:1:    layout_caves
Orc:2:    pf_orc_diabolical, layout_caves, library_closet
Vaults:1: nicolae_vaults_windows_and_doors_thing, ontoclasm_vaults_idyll,
          ontoclasm_vaults_ring_square, vaults_room_semicircle,
          ontoclasm_vaults_pinch, dpeg_vaults_hating_casters,
          nicolae_vaults_yaktaur_gun_rack, v_misc_33, ontoclasm_vaults_gateway,
          nicolae_vaults_shelves_hall, layout_vaults_maze, uniq_aizul
Vaults:2: ontoclasm_vaults_ring_large, vaults_room_corners,
          hangedman_vaults_pinch, minmay_crypt_entry_necro_gods,
          hangedman_vaults_stretched_pinwheel, v_misc_16,
          ontoclasm_vaults_twist, hangedman_vaults_slice,
          layout_vaults_chaotic_city, serial_shops, shop
Vaults:3: v_pattern_4, v_misc_12, nicolae_vaults_little_squares_4,
          nicolae_vaults_ring_of_whatevers, vaults_standard_mumra_lines,
          v_misc_15, hangedman_vaults_stagger, nicolae_vaults_sealed_display,
          nicolae_vaults_rhombus_6, layout_vaults_omnigrid, uniq_frederick,
          uniq_xtahua, uniq_donald
Vaults:4: vaults_room_grunt_arrival_checkpoint, door_vault,
          vaults_room_door_hall, nicolae_vaults_ninety_degrees, v_pattern_2,
          vaults_room_hallway, vaults_dpeg_encased_lava,
          vaults_room_grunt_arrival_ludios, ontoclasm_vaults_fault,
          ontoclasm_vaults_chip, ontoclasm_vaults_idyll, layout_vaults_ring,
          serial_shops, nicolae_shop_waterfront, shop_fountains,
          nicolae_shop_waterfront
Vaults:5
Abyss:4:  base: D:8, hangedman_abyss_or_decor_clamps,
          hangedman_classic_abyss_death, base: Lair:4,
          hangedman_abyss_feature_spike

Skill      XL: |  1  2  3  4  5  6  7  8  9 10 11 12 13 14 15 16 17 18 19 20 21 |
---------------+----------------------------------------------------------------+-----
Maces & Flails | 2 3 5 7 8 11 12 13 14 | 14.0
Fighting       | 3 4 5 7 9 10 11 14 17 20 21 22 24 25 26 27 | 27.0
Armour         | 3 5 7 9 10 12 13 15 17 19 20 22 23 | 23.6
Evocations     | 3 5 8 10 12 13 15 16 17 18 | 18.7
Dodging        | 7 10 | 10.0
Throwing       | 4 9 10 | 10.0
Stealth        | |  0.7

Action                     |  1- 3 |  4- 6 |  7- 9 | 10-12 | 13-15 | 16-18 | 19-21 || total
---------------------------+-------+-------+-------+-------+-------+-------+-------++-------
  Melee: Club              |   126 |    81 |       |       |       |       |       ||   207
         Headbutt          |    15 |    27 |    69 |   182 |   436 |   428 |   658 ||  1815
         Punch             |     3 |     1 |       |       |       |       |       ||     4
         Morningstar       |       |    71 |   356 |   494 |       |       |       ||   921
         Mace              |       |     9 |       |       |       |       |       ||     9
         Demon whip        |       |       |       |   267 |  1618 |  1577 |  1714 ||  5176
         Eveningstar       |       |       |       |       |       |       |    95 ||    95
 Invoke: Sacrifice a Hand  |       |     1 |       |       |       |       |       ||     1
         Sacrifice Resista |       |       |     1 |       |       |       |       ||     1
         Reject Sacrifices |       |       |     1 |       |       |       |       ||     1
         Draw Out Power    |       |       |       |     2 |     5 |     6 |     1 ||    14
         Sacrifice Essence |       |       |       |     2 |       |       |       ||     2
         Apocalypse        |       |       |       |       |     1 |     1 |     2 ||     4
  Evoke: Wand              |     3 |       |     4 |    12 |     6 |    10 |       ||    35
         Condenser vane    |       |       |       |       |     1 |     5 |       ||     6
    Use: Scroll            |       |    13 |     6 |     8 |    10 |    16 |     5 ||    58
         Potion            |       |       |       |     8 |     5 |     7 |     5 ||    25
   Stab: Sleeping          |     1 |       |       |       |       |       |       ||     1
         Invisible         |       |       |     2 |     4 |    14 |    14 |    10 ||    44
         Distracted        |       |       |     1 |     4 |     6 |    11 |     7 ||    29
         Paralysed         |       |       |       |       |    37 |     7 |     7 ||    51
         Petrifying        |       |       |       |       |     1 |       |       ||     1
 Armour: Leather armour    |    22 |       |       |       |       |       |       ||    22
         Ring mail         |    29 |    39 |       |       |       |       |       ||    68
         Scale mail        |       |    30 |    33 |       |       |       |       ||    63
         Plate armour      |       |       |   149 |   225 |   521 |  1341 |   746 ||  2982
  Dodge: Dodged            |    90 |    66 |    95 |   268 |   351 |   774 |   463 ||  2107
  Block: Other             |       |    46 |    64 |   106 |   163 |   355 |   223 ||   957
         Reflection        |       |       |     4 |     1 |     4 |     5 |    14 ||    28

Table legend: (Time is in decaauts)
 A = Elapsed time spent in this place.
 B = Non-inter-level travel time spent in this place.
 C = Inter-level travel time spent in this place.
 D = Time resting spent in this place.
 E = Time spent auto-exploring this place.
 F = Levels seen in this place.
 G = Mean time per level.
                   A        B        C        D        E       F      G
               +--------+--------+--------+--------+--------+-----+--------+
         Total |  49895 |  47321 |   2574 |   7989 |  27453 |  40 | 1247.4 |
       Dungeon |  17615 |  16497 |   1118 |    975 |  12206 |  15 | 1174.3 |
          Lair |   7705 |   7209 |    496 |   1101 |   4169 |   5 | 1541.0 |
         Swamp |   5570 |   5284 |    286 |   1606 |   2345 |   4 | 1392.5 |
   Spider Nest |   6893 |   6677 |    216 |   2096 |   3014 |   4 | 1723.2 |
  Orcish Mines |   2829 |   2618 |    211 |   1129 |    854 |   2 | 1414.5 |
        Vaults |   7322 |   7077 |    245 |    235 |   4817 |   5 | 1464.4 |
         Abyss |    926 |    926 |      0 |    352 |      0 |   4 |  231.5 |
       Volcano |   1031 |   1031 |      0 |    492 |     45 |   1 | 1031.0 |
               +--------+--------+--------+--------+--------+-----+--------+

Top non-repeatable levels by time:
    D:13: 2589 daAuts
  Lair:5: 2538 daAuts
   Orc:2: 2296 daAuts
Spider:4: 2267 daAuts
 Swamp:4: 2226 daAuts
  Lair:2: 2162 daAuts
    D:12: 1936 daAuts
     D:5: 1839 daAuts
Vaults:5: 1679 daAuts
Spider:2: 1660 daAuts
Vaults:4: 1650 daAuts
 Swamp:2: 1632 daAuts
Vaults:2: 1528 daAuts
Spider:1: 1520 daAuts
Spider:3: 1444 daAuts
